 Dungeon Crawl Stone Soup version 0.21.0-3-g78d12a8 (webtiles) character file.

1536 Monsterracer the Transmogrifier (level 8, -7/64 HPs)
             Began as a Naga Transmuter on Jan 13, 2018.
             Was a Believer of Wu Jian.
             Mangled by a yak (17 damage)
             ... on level 4 of the Dungeon.
             The game lasted 00:14:01 (8125 turns).

Monsterracer the Transmogrifier (Naga Transmuter)   Turns: 8125, Time: 00:14:02

Health: -7/64      AC:  6    Str: 13    XL:     8   Next: 86%
Magic:  9/11       EV: 10    Int: 15    God:    Wu Jian [**....]
Gold:   370        SH:  0    Dex: 12    Spells: 1/11 levels left

rFire    . . .     SeeInvis +     - Unarmed
rCold    . . .     Gourm    .   (no shield)
rNeg     . . .     Faith    .   b - +0 robe
rPois    +         Spirit   .   j - +1 helmet
rElec    .         Reflect  .   (no cloak)
rCorr    .         Harm     .   p - +0 pair of gloves
MR       +....                  (no barding)
Stlth    ++........             n - amulet of magic regeneration
HPRegen  0.20/turn              t - ring of flight
MPRegen  0.37/turn              (no ring)

@: very slow
A: large, see invisible, deformed body, poison resistance, slowness 2, slow
metabolism 1, spit poison 1, AC +2
a: Spit Poison, Wall Jump, Renounce Religion, Evoke Flight


You were on level 4 of the Dungeon.
You worshipped Wu Jian.
Wu Jian was pleased with you.
You were not hungry.

You visited 1 branch of the dungeon, and saw 6 of its levels.

You collected 370 gold pieces.

Inventory:

Missiles
 a - 38 arrows
Armour
 b - a +0 robe (worn)
 j - a +1 helmet (worn)
 o - a +0 ring mail
 p - a +0 pair of gloves (worn)
Jewellery
 n - an amulet of magic regeneration (around neck)
 t - a ring of flight (left hand)
Scrolls
 e - a scroll of fear {!r}
 l - 3 scrolls of remove curse
 q - a scroll of blinking
 s - a scroll of magic mapping {!r}
Potions
 f - a potion of agility
 g - 3 potions of curing
 h - 2 potions of haste
 i - a potion of lignification {unknown}
 k - 2 potions of heal wounds
 m - a potion of berserk rage {unknown}
 r - a potion of magic {unknown}
Books
 c - a book of Changes

   Spells                             Type                      Level
   a - Beastly Appendage              Transmutation                1
   b - Sticks to Snakes               Transmutation                2
   c - Spider Form                    Transmutation/Poison         3
   d - Ice Form                       Ice/Transmutation            4
   e - Blade Hands                    Transmutation                5
Comestibles
 d - 12 rations


   Skills:
 - Level 1.0 Fighting
 - Level 1.5 Dodging
 - Level 3.0 Stealth
 + Level 7.2 Unarmed Combat
 - Level 2.0 Spellcasting
 * Level 8.5 Transmutations


You had one spell level left.
You knew the following spells:

 Your Spells              Type           Power        Failure   Level  Hunger
b - Sticks to Snakes      Tmut           ####....     1%          2    ###....
c - Spider Form           Tmut/Pois      ##........   12%         3    ###....
d - Blade Hands           Tmut           ####......   19%         5    ######.


Dungeon Overview and Level Annotations

Branches:
Dungeon (6/15)             Temple (0/1) D:5

Altars:
Dithmenos
Kikubaaqudgha
Sif Muna
Uskayaw
Wu Jian
The Shining One


Innate Abilities, Weirdness & Mutations

You cannot wear boots.
Your serpentine skin is tough. (AC +2)
You have supernaturally acute eyesight. (SInv)
Armour fits poorly on your strangely shaped body.
Your system is resistant to poisons. (rPois)
You cover ground very slowly.
You have a slow metabolism.
You can spit poison.


Message History

Confirm with . or Enter, or press ? or * to list all spells.
You create 2 snakes!
You now have 45 arrows.
You now have 6/11 mp.
You swap places.
The yak gores your adder but does no damage.
Your adder bites the yak.
You swap places.
Your adder bites the yak.
The yak gores your adder.
Your adder bites the yak but does no damage.
The yak closely misses your adder.
Your adder bites the yak.
The yak gores your adder.
Your adder bites the yak but does no damage.
Your adder bites the yak.
The yak misses your adder.
Your adder bites the yak.
The yak misses your adder.
Your adder bites the yak but does no damage.
The yak gores your adder.
Your adder barely misses the yak.
The yak closely misses your adder.
Your adder barely misses the yak.
Your adder bites the yak.
The yak gores your adder.
Your adder dies!
The yak gores your ball python!
Your ball python dies!
MP restored: 11
There is an open door here.
Casting: Sticks to Snakes
Confirm with . or Enter, or press ? or * to list all spells.
You create 2 snakes!
You now have 43 arrows.
You now have 9/11 mp.
Your ball python bites the yak but does no damage.
The yak closely misses your ball python.
Your ball python bites the yak but does no damage.
The yak closely misses your ball python.
Your ball python barely misses the yak.
The yak completely misses your ball python.
Your ball python barely misses the yak.
MP restored: 11 The yak gores your ball python!
Your ball python dies!
The yak gores your ball python!
Your ball python dies!
Casting: Sticks to Snakes
Confirm with . or Enter, or press ? or * to list all spells.
You create 2 snakes!
You now have 41 arrows.
You now have 9/11 mp.
Your ball python bites the yak but does no damage.
The yak gores your ball python!
Your ball python dies!
The yak gores your ball python!
Your ball python dies!
MP restored: 11
Casting: Sticks to Snakes
Confirm with . or Enter, or press ? or * to list all spells.
You create 2 snakes!
You now have 39 arrows.
You now have 9/11 mp.
Your magical contamination has completely faded away.
You swap places.
Your ball python barely misses the yak.
The yak gores your ball python.
Your ball python bites the yak but does no damage.
Something gores your ball python.
Your ball python dies!
MP restored: 11 Your ball python bites the yak but does no damage.
The yak gores your ball python!
Your ball python dies!
There is a stone staircase leading up here.
You climb upwards.
There is a stone staircase leading down here.
Unknown command.
Unknown command.
You start resting.
Eating a chunk of flesh.
You eat the chunk of flesh.
This raw flesh tastes terrible.
HP restored.
Health restored: 64 You climb downwards.
The yak gores you! x2
The yak gores you but does no damage.
There is a stone staircase leading up, spattered with blood here.
You take 26 damage, and have 38/64 hp.
MASSIVE DAMAGE!!
Unknown command.
The yak gores you. x2
* * * LOW HITPOINT WARNING * * *
You climb upwards.
There is a stone staircase leading down here.
Unknown command.
Unknown command.
Unknown command.
You take 5 damage, and have 33/64 hp.
Unknown command.
Unknown command.
You spin and attack the yak.
You hit the yak.
The yak is lightly wounded.
The yak gores you!
* * * LOW HITPOINT WARNING * * *
You take 11 damage, and have 22/64 hp.
You spin and attack the yak.
You hit the yak but do no damage.
The yak is lightly wounded.
The yak closely misses you. The yak gores you!
* * * LOW HITPOINT WARNING * * *
You take 12 damage, and have 10/64 hp.
Casting: Sticks to Snakes
Confirm with . or Enter, or press ? or * to list all spells.
You create a snake!
You now have 38 arrows.
The yak gores you!
You die...

####.....)..?.......########
#...#......#....##
#...<......#....#
#..##.##...#....#
#...............#
#.#######.##....#############
##.#....##.##>S...............
#....##.##.##YY####...........
#...........#@................
#...#.#.#.###..####..รท........
#....^............#...........
#....##.#.#######.####..(##...
#..........# #.# #...##...
#....#####.# #.# #...##...
#..........# #.####...#####
#...#############.#..#...#####
##................#..#...'....


You could see 2 yaks and a friendly ball python.

Vanquished Creatures
  The ghost of theanonym the Covert, a novice VSAs (D:6)
  2 orc warriors (D:6)
  A sky beast (D:5)
  A necrophage (D:5)
  A centaur (D:5)
  A scorpion (D:6)
  A howler monkey (D:6)
  A bullfrog zombie (D:5)
  A hound (D:5)
  A jelly (D:6)
  2 orc priests
  Terence (D:2)
  Natasha (D:2)
  An orc wizard (D:6)
  3 worker ants
  A hound skeleton (D:6)
  2 howler monkey skeletons
  4 gnolls
  9 adders
  An adder zombie (D:5)
  3 worms
  2 dart slugs (D:1)
  2 leopard geckos
  19 orcs
  4 ball pythons
  10 bats
  5 giant cockroaches
  8 hobgoblins
  23 jackals
  3 quokkas
  5 frilled lizards
  7 goblins
  8 kobolds
  A quokka zombie (D:5)
  3 rats (D:3)
139 creatures vanquished.

Vanquished Creatures (collateral kills)
  A centaur skeleton (D:5)
  A bat (D:2)
2 creatures vanquished.

Grand Total: 141 creatures vanquished

Notes
Turn   | Place    | Note
-------+----------+-------------------------------------------
     0 | D:1      | Monsterracer the Naga Transmuter began the quest for the Orb.
     0 | D:1      | Reached XP level 1. HP: 18/18 MP: 3/3
   123 | D:1      | Reached XP level 2. HP: 19/25 MP: 5/5
   128 | D:1      | Learned a level 2 spell: Sticks to Snakes
   266 | D:1      | HP: 12/25 [kobold (2)]
   481 | D:1      | Reached XP level 3. HP: 17/31 MP: 6/6
   491 | D:1      | Learned a level 3 spell: Spider Form
  1104 | D:1      | Reached skill level 3 in Transmutations
  1138 | D:2      | Reached skill level 1 in Stealth
  1203 | D:2      | HP: 14/31 [adder (3)]
  1206 | D:2      | Reached XP level 4. HP: 15/38 MP: 7/7
  1208 | D:2      | HP: 12/38 [poisoned by an adder]
  1214 | D:2      | HP: 9/38 [poisoned by an adder]
  1219 | D:2      | HP: 8/38 [poisoned by an adder]
  1226 | D:2      | HP: 7/38 [poisoned by an adder]
  1234 | D:2      | HP: 6/38 [poisoned by an adder]
  1535 | D:2      | Noticed Terence
  1545 | D:2      | Killed Terence
  1580 | D:2      | Found a shadowy altar of Dithmenos.
  1581 | D:2      | Found an ornate altar of the Wu Jian Council.
  1581 | D:2      | Found a hide-covered altar of Uskayaw.
  1582 | D:2      | Found a deep blue altar of Sif Muna.
  1698 | D:2      | HP: 19/38 [poisoned by an adder]
  1757 | D:2      | HP: 19/38 [poisoned by an adder]
  1763 | D:2      | HP: 13/38 [adder (3)]
  1769 | D:2      | HP: 10/38 [poisoned by an adder]
  1796 | D:2      | HP: 5/38 [hobgoblin/stone (8)]
  1810 | D:2      | HP: 1/38 [hobgoblin/uncursed morningstar of protection (6)]
  1812 | D:2      | Reached XP level 5. HP: 2/44 MP: 4/8
  2169 | D:2      | HP: 22/44 [poisoned by an adder]
  2176 | D:2      | HP: 21/44 [poisoned by an adder]
  2717 | D:2      | Noticed Natasha
  2727 | D:2      | Killed Natasha
  3261 | D:2      | Found a faded altar of an unknown god.
  3268 | D:2      | Became a worshipper of the Wu Jian Council
  3268 | D:2      | Reached * piety under Wu Jian
  3435 | D:3      | Reached skill level 4 in Transmutations
  3513 | D:3      | Found a glowing golden altar of the Shining One.
  3648 | D:3      | Reached XP level 6. HP: 34/51 MP: 9/9
  3654 | D:3      | HP: 23/51 [howler monkey skeleton (3)]
  4122 | D:3      | Reached skill level 5 in Unarmed Combat
  5412 | D:4      | Reached ** piety under Wu Jian
  5548 | D:5      | Entered Level 5 of the Dungeon
  5604 | D:5      | Noticed a necrophage
  5625 | D:5      | Killed a necrophage
  5625 | D:5      | Reached skill level 5 in Transmutations
  5625 | D:5      | Reached XP level 7. HP: 41/55 MP: 7/10
  5634 | D:5      | HP: 24/55 [centaur skeleton (8)]
  6278 | D:5      | HP: 19/57 [centaur/arrow (10)]
  6284 | D:5      | Reached skill level 6 in Transmutations
  6560 | D:5      | Found a staircase to the Ecumenical Temple.
  6726 | D:6      | Noticed theanonym's ghost (novice VSAs)
  6854 | D:6      | HP: 28/57 [theanonym's ghost (8)]
  7033 | D:6      | HP: 24/57 [orc warrior/scimitar of slicing (24)]
  7218 | D:6      | Reached XP level 8. HP: 62/64 MP: 8/11
  7233 | D:6      | Found an ancient bone altar of Kikubaaqudgha.
  7263 | D:6      | Reached skill level 7 in Transmutations
  7346 | D:6      | Learned a level 5 spell: Blade Hands
  7384 | D:6      | Killed theanonym's ghost
  7384 | D:6      | Reached skill level 8 in Transmutations
  7414 | D:6      | HP: 19/64 [orc warrior/mace (23)]
  7416 | D:6      | HP: 2/64 [orc warrior/mace (17)]
  7533 | D:6      | HP: 22/64 [orc/hand axe (4)]
  7855 | D:6      | Noticed a yak
  7855 | D:6      | Noticed a yak
  7856 | D:6      | Noticed a yak
  7867 | D:6      | HP: 24/64 [yak (13)]
  7869 | D:5      | HP: 11/64 [yak (14)]
  8121 | D:5      | HP: 32/64 [yak (1)]
  8124 | D:4      | HP: 10/64 [yak (12)]
  8125 | D:4      | Mangled by a yak

Skill      XL: |  1  2  3  4  5  6  7  8 |
---------------+-------------------------+-----
Transmutations | 3 4 5 6 8 |  8.5
Stealth        | 1 2 3 |  3.0
Unarmed Combat | 4 5 6 7 |  7.2
Fighting       | |  1.0
Dodging        | |  1.5
Spellcasting   | |  2.0

Action                   |  1- 3 |  4- 6 |  7- 9 || total
-------------------------+-------+-------+-------++-------
Melee: Unarmed           |    85 |   344 |   128 ||   557
       Headbutt          |     1 |       |       ||     1
       Punch             |     1 |     2 |     2 ||     5
 Cast: Beastly Appendage |     1 |       |       ||     1
       Spider Form       |     1 |    10 |     7 ||    18
       Sticks to Snakes  |       |     5 |     5 ||    10
       Blade Hands       |       |       |     1 ||     1
Invok: Lunge             |       |     9 |    10 ||    19
       Whirlwind         |       |     2 |     9 ||    11
       Wall Jump         |       |       |     4 ||     4
 Abil: Spit Poison       |     8 |     6 |     1 ||    15
  Use: Scroll            |       |     8 |     2 ||    10
       Potion            |       |       |     1 ||     1
 Stab: Sleeping          |       |     5 |     4 ||     9
       Distracted        |       |     1 |       ||     1
  Eat: Chunk             |     1 |    13 |     9 ||    23
Armor: Robe              |    20 |    72 |    32 ||   124
       Skin              |       |       |     2 ||     2
Dodge: Dodged            |    54 |   210 |    64 ||   328

Vault maps used:
D:1:      saegor_arrival_miasma, eino_curves_04
D:2:      chequers_temple_overflow_statue_of_worship,
          chequers_ecumenical_altar_simple_redux, grunt_ministairs_9,
          uniq_terence, uniq_natasha
D:3:      tso_metal_star, first_ration
D:5:      temple_statues
D:6:      lemuel_upstairs_altar, nicolae_overflow_crystal_walls, hex_medium
